 Dungeon Crawl Stone Soup version 0.30-a0-1043-g60ff8d5f49 (webtiles) character file.

Game seed: 26138762518116521

2818 Lobster4 the Ducker (level 10, -2/70 HPs)
             Began as a Djinni Gladiator on Apr 9, 2023.
             Was an Initiate of Makhleb.
             Slain by a yak (9 damage)
             ... on level 7 of the Dungeon on Apr 10, 2023.
             The game lasted 00:29:23 (7860 turns).

Lobster4 the Ducker (Djinni Gladiator)              Turns: 7860, Time: 00:29:23

Health: -2/70      AC:  5    Str: 22    XL:     10   Next: 3%
Gold:   295        EV: 14    Int: 14    God:    Makhleb [......] SH:  5 Dex: 15

rFire   + + .      SeeInvis .    B - +4 dagger (protect)
rCold   x . .      Faith    .    p - +0 buckler
rNeg    . . .      Spirit   .    u - +0 leather armour of Conscience {Str+4}
rPois   ∞          Reflect  .    c - +1 helmet
rElec   .          Rampage  .    (no cloak)
rCorr   .                        (no gloves)
Will    +....                    (boots unavailable)
Stlth   ++                       (no amulet)
HPRegen 0.31/turn                y - ring of Generosity {Fly Str+5}
MPRegen 0.00/turn                (no ring)

@: about to teleport, flying, very slightly contaminated
A: sickness immunity, fire resistance 2, cold vulnerability 1, float, innate
caster, HP casting, extra vitality 1
a: Renounce Religion


You were on level 7 of the Dungeon.
You worshipped Makhleb.
Makhleb was noncommittal.
You visited 2 branches of the dungeon, and saw 10 of its levels.
You also visited: Sewer and Ossuary.

You collected 295 gold pieces.

Inventory:

Hand Weapons
 a - a +0 long sword
 b - a +0 sling
 B - a +4 dagger of protection (weapon)
 D - the +7 morningstar of Xoed Gavurch {spect, *Slow rElec Dex+4}
   (You found it in an ossuary)

   Dex:       It affects your dexterity (+4).
   rElec:     It insulates you from electricity.
   *Slow:     It may slow you when you take damage.
 G - a +0 dagger of venom
Missiles
 h - a boomerang (quivered)
 j - 26 stones
 o - 8 poisoned darts
Armour
 c - a +1 helmet (worn)
 n - a +0 ring mail
 p - a +0 buckler (worn)
 u - the +0 leather armour of Conscience (worn) {Str+4}
   (You found it in an ossuary)

   Str:       It affects your strength (+4).
 w - a +1 leather armour of fire resistance
Magical Staves
 q - a staff of cold
Jewellery
 y - the ring of Generosity (left hand) {Fly Str+5}
   (You found it on level 3 of the Dungeon)

   [ring of flight]

   Str:       It affects your strength (+5).
   Fly:       It grants you flight.
 I - a +4 ring of protection
Scrolls
 e - a scroll of enchant weapon
 f - a scroll of teleportation
 k - 2 scrolls of silence
 s - a scroll of identify
 t - 2 scrolls of immolation
 x - a scroll of enchant armour
 C - a scroll of fog
Potions
 d - 3 potions of lignification
 g - 2 potions of curing
 i - 4 potions of mutation {unknown}
 l - 3 potions of might
 m - 3 potions of heal wounds
 r - a potion of attraction
 v - 4 potions of invisibility {unknown}
 z - a potion of cancellation
 A - 2 potions of brilliance


   Skills:
 + Level 5.3 Fighting
 - Level 5.0 Long Blades
 - Level 2.0 Staves
 + Level 2.2 Throwing
 + Level 4.8 Armour
 + Level 6.3 Dodging
 - Level 2.0 Stealth
 + Level 4.7 Shields
 + Level 3.6 Spellcasting
 + Level 1.4 Invocations
 + Level 1.4 Evocations


You knew the following spells:

 Your Spells              Type           Power      Damage    Failure   Level
a - Slow                  Hex            48%        N/A       6%          1
b - Call Imp              Summ           24%        N/A       10%         2
c - Ignite Poison         Fire/Tmut/Pois 12%        N/A       19%         3
d - Gell's Gravitas       Tloc           12%        N/A       19%         3
Your spell library was empty.

Dungeon Overview and Level Annotations

Branches:
Dungeon (9/15)             Temple (1/1) D:7             Orc (0/2) D:9
  Sewer (visited)         Ossuary (visited)
   Lair: D:8-11

Altars:
Ashenzari
Cheibriados
Dithmenos
Elyvilon
Fedhas
Gozag
Hepliaklqana
Makhleb
Nemelex Xobeh
Okawaru
Qazlal
Ru
Trog
Uskayaw
Wu Jian
Xom
Yredelemnul
Zin
The Shining One

Annotations:
D:5 1 transporter, Zvl3's ghost, amateur SpHu
D:6 2 transporters


Innate Abilities, Weirdness & Mutations

You are immune to sickness and miasma.
You are immune to poison.
Your flesh is very heat resistant. (rF++)
You are vulnerable to cold. (rC-)
You float through the air rather than walking.
You learn spells naturally, not from books.
Your magical power is your life essence.
You have superior vitality. (+4 MHP)


Message History

The yak is heavily wounded.
The yak barely misses you.
You hit the yak.
The yak is heavily wounded.
The yak gores you.
You hit the yak but do no damage.
The yak is heavily wounded.
The yak misses you.
Casting: Slow (safe; 6% risk of failure)
Confirm with . or Enter, or press ? or * to list all spells.
Aiming: Slow (safe; 6% risk of failure)
Press: ? - help, Shift-Dir - straight line, f - yak
Aim: a yak (heavily wounded, chance to affect: 46%)
You miscast Slow.
You are very lightly contaminated with residual magic.
Nothing appears to happen.
The yak gores you.
Casting: Slow (safe; 6% risk of failure)
Confirm with . or Enter, or press ? or * to list all spells.
Aiming: Slow (safe; 6% risk of failure)
Press: ? - help, Shift-Dir - straight line, f/p - yak
Aim: a yak (heavily wounded, chance to affect: 46%)
You miscast Slow.
Nothing appears to happen.
The yak barely misses you.
Casting: Slow (safe; 6% risk of failure)
Confirm with . or Enter, or press ? or * to list all spells.
Aiming: Slow (safe; 6% risk of failure)
Press: ? - help, Shift-Dir - straight line, f/p - yak
Aim: a yak (heavily wounded, chance to affect: 46%)
The yak resists with some effort.
The yak gores you.
* * * LOW HITPOINT WARNING * * *
The yak attacks as you move away! The yak barely misses you.
Throw: 9 darts (poison)
Press: ? - help, Shift-Dir - straight line, f/p - yak
Aim: a yak (heavily wounded, 72% to hit)
You throw a poisoned dart.
The poisoned dart barely misses the yak.
The yak gores you!
* * * LOW HITPOINT WARNING * * *
As you read the scroll of teleportation, it crumbles to dust.
You feel strangely unstable. The yak gores you!
You die...

#########........#
#.........######.# #.#########
#.# ##.########## #.#
###########...........# #.#
##....).......########.# #.#
#...#########.# #.# #.# ###.#.###
#.#### #.# #.##
#...#...#######.@Y># ###.### #...
#.#####..........#.# #.....# ###.
#...#...########.#.# #...§.# ##.
###.#.### #.#.# #..>§.# #.. #...#
#.#.# #.....####.. ##.## ##.#.#
#........... #.#
######....###..##....... #.#
#.......................
####.#####.####....####..........


You could see a yak.

Vanquished Creatures
  A wyvern (D:7)
  Menkaure (D:7)
  2 water moccasins
  An orc warrior (D:7)
  4 black bears
  3 ice beasts
  4 ogres
  A kobold brigand (Sewer)
  A bullfrog (D:8)
  2 scorpions (D:6)
  4 water moccasin zombies (Ossuary)
  A howler monkey (D:7)
  2 orc priests
  2 hounds (D:5)
  3 jellies
  A sleepcap (D:6)
  2 iguanas (D:4)
  9 orc wizards
  2 mummies (Ossuary)
  3 river rats
  7 adders
  A shadow imp (D:5)
  2 ufetubi
  6 adder zombies (Ossuary)
  6 worms
  2 dart slugs (D:4)
  13 orcs
  8 ball pythons
  3 endoplasms
  4 giant cockroaches
  2 gnoll zombies (Ossuary)
  2 goblins
  6 hobgoblins
  13 jackals
  7 kobolds
  10 quokkas
  9 bats
  2 frilled lizards (D:2)
  8 hobgoblin zombies (Ossuary)
  3 kobold zombies (Ossuary)
  6 orc zombies (Ossuary)
  10 rats
179 creatures vanquished.

Vanquished Creatures (others)
  A kobold (Sewer)
  40 fungi (D:8)
  47 plants
88 creatures vanquished.

Grand Total: 267 creatures vanquished

Notes
Turn   | Place    | Note
-------+----------+-------------------------------------------
     0 | D:1      | Lobster4 the Djinni Gladiator began the quest for the Orb.
     0 | D:1      | Reached XP level 1. HP: 18/18 MP: 0/0
   402 | D:1      | Reached XP level 2. HP: 23/23 MP: 0/0
   983 | D:2      | Reached XP level 3. HP: 28/28 MP: 0/0
   983 | D:2      | Learned a level 1 spell: Slow
  1659 | D:3      | Reached XP level 4. HP: 33/33 MP: 0/0
  1820 | D:3      | Reached skill level 1 in Armour
  1923 | D:3      | Found a faded altar of an unknown god.
  1970 | D:3      | Identified the ring of Generosity {Fly Str+5}
  2063 | D:3      | Reached skill level 1 in Shields
  2063 | D:3      | Reached skill level 1 in Spellcasting
  2063 | D:3      | Reached XP level 5. HP: 37/39 MP: 0/0
  2063 | D:3      | Learned a level 2 spell: Call Imp
  2386 | D:4      | Noticed an ogre
  2513 | D:4      | Killed an ogre
  2514 | D:4      | Reached skill level 4 in Dodging
  2514 | D:4      | Reached XP level 6. HP: 41/45 MP: 0/0
  2625 | D:4      | Found a glowing drain.
  2632 | Sewer    | Entered a sewer
  2841 | Sewer    | Found a white marble altar of Elyvilon.
  3292 | D:4      | Noticed a black bear
  3298 | D:4      | Killed a black bear
  3299 | D:4      | Reached XP level 7. HP: 50/50 MP: 0/0
  3299 | D:4      | Learned a level 3 spell: Ignite Poison
  3535 | D:5      | Entered Level 5 of the Dungeon
  3786 | D:5      | Reached skill level 1 in Stealth
  3852 | D:5      | Noticed a water moccasin
  4022 | D:4      | Killed a water moccasin
  4023 | D:4      | Reached skill level 1 in Staves
  4023 | D:4      | Reached XP level 8. HP: 57/57 MP: 0/0
  4243 | D:5      | Found a transporter.
  4246 | D:5      | Noticed Zvl3's ghost (amateur SpHu)
  4521 | D:6      | Reached skill level 5 in Dodging
  4529 | D:6      | Found a sand-covered staircase.
  4544 | Ossuary  | Entered an ossuary
  5029 | Ossuary  | Identified the +0 leather armour of Conscience {Str+4}
  5048 | Ossuary  | Identified the +7 morningstar of Xoed Gavurch {spect, *Slow
                  | rElec Dex+4}
  5130 | D:6      | Reached XP level 9. HP: 34/63 MP: 0/0
  5130 | D:6      | Learned a level 3 spell: Gell's Gravitas
  5294 | D:6      | Found a transporter.
  5305 | D:6      | Noticed a kobold demonologist
  5311 | D:6      | Found a transporter.
  5335 | D:6      | Noticed a kobold demonologist
  5632 | D:6      | Found a shadowy altar of Dithmenos.
  5633 | D:6      | Found a bloodstained altar of Trog.
  5634 | D:6      | Found a stormy altar of Qazlal.
  5635 | D:6      | Found an iron altar of Okawaru.
  6091 | D:7      | Reached skill level 5 in Long Blades
  6325 | D:7      | Reached skill level 6 in Dodging
  6552 | D:7      | Found a staircase to the Ecumenical Temple.
  6561 | Temple   | Entered the Ecumenical Temple
  6576 | Temple   | Became a worshipper of Makhleb the Destroyer
  6829 | D:7      | Reached skill level 5 in Fighting
  6854 | D:7      | Noticed Menkaure
  6869 | D:7      | Killed Menkaure
  7205 | D:7      | Reached skill level 1 in Evocations
  7262 | D:7      | Reached skill level 1 in Invocations
  7464 | D:8      | Noticed a polar bear
  7554 | D:8      | You are sucked into a shaft and drop 1 floor!
  7668 | D:7      | Reached XP level 10. HP: 20/70 MP: 0/0
  7860 | D:7      | Slain by a yak

Illustrated notes

Levels and vault maps discovered:
D:1:      dpeg_arrival_brainrot, layout_loops_ring, minivault_25,
          grunt_decor_arrowhead, minmay_unequal
D:2:      layout_rooms
D:3:      layout_basic, shapermc_ecumenical_altar_mp_ritualfount,
          minmay_close_crescents
D:4:      layout_basic, gup_sewer_entry_bubbles, minivault_4
D:5:      layout_basic, gammafunk_ghost_mausoleum
D:6:      gammafunk_wand_slinger, layout_loops_ring,
          mainiacjoe_overflow_alcove_3, enter_ossuary_5
D:7:      layout_loops_ring, minmay_temple_entry_purple_smoke, uniq_menkaure
D:8:      layout_loops_corners, due_lair_maze_entry_diamond, serial_ice,
          serial_ice_j, serial_ice_b, serial_ice_m, serial_ice_d, serial_ice_c,
          serial_ice_f, serial_ice_g, serial_ice_a
D:9:      layout_roguey, zombieorc1_lemuel, gammafunk_ghost_smash
Temple:   eino_narrow_crystal_temple

Skill      XL: |  1  2  3  4  5  6  7  8  9 |
---------------+----------------------------+-----
Long Blades    | 3 4 5 |  5.0
Throwing       | 2 |  2.2
Armour         | 1 2 3 4 |  4.8
Shields        | 1 2 3 4 |  4.7
Spellcasting   | 1 2 3 |  3.6
Dodging        | 4 5 6 |  6.3
Fighting       | 3 4 5 |  5.3
Stealth        | 1 2 |  2.0
Staves         | 1 2 |  2.0
Evocations     | 1 |  1.4
Invocations    | 1 |  1.4

Action                     |  1- 3 |  4- 6 |  7- 9 | 10-12 || total
---------------------------+-------+-------+-------+-------++-------
  Melee: Long sword        |    87 |    66 |       |       ||   153
         Dagger            |       |   165 |   535 |    14 ||   714
         Punch             |       |     1 |     6 |       ||     7
  Throw: Boomerang         |    51 |       |    34 |     1 ||    86
         Stone             |       |    25 |     3 |       ||    28
         Dart              |       |    22 |    59 |     1 ||    82
         Javelin           |       |     1 |       |       ||     1
         Throwing net      |       |     1 |     2 |       ||     3
   Cast: Slow              |       |     3 |     1 |     1 ||     5
    Use: Scroll            |       |    13 |    12 |     1 ||    26
         Potion            |       |       |     4 |       ||     4
   Stab: Sleeping          |       |     2 |     5 |       ||     7
         Held in net/web   |       |     1 |       |       ||     1
 Armour: Leather armour    |    33 |    85 |   154 |     1 ||   273
         Skin              |       |       |    24 |       ||    24
  Dodge: Dodged            |    68 |   180 |   251 |     7 ||   506
  Block: Buckler           |       |       |    11 |     1 ||    12

Table legend: (Time is in decaauts)
 A = Elapsed time spent in this place.
 B = Non-inter-level travel time spent in this place.
 C = Inter-level travel time spent in this place.
 D = Time resting spent in this place.
 E = Time spent auto-exploring this place.
 F = Levels seen in this place.
 G = Mean time per level.
                   A        B        C        D        E       F      G
               +--------+--------+--------+--------+--------+-----+--------+
         Total |   7826 |   7376 |    450 |   1016 |   4069 |  12 |  652.2 |
       Dungeon |   6898 |   6461 |    437 |    769 |   3852 |   9 |  766.4 |
        Temple |    193 |    180 |     13 |      0 |    164 |   1 |  193.0 |
         Sewer |    239 |    239 |      0 |     43 |     53 |   1 |  239.0 |
       Ossuary |    495 |    495 |      0 |    204 |      0 |   1 |  495.0 |
               +--------+--------+--------+--------+--------+-----+--------+

Top non-repeatable levels by time:
     D:7: 1295 daAuts
     D:4: 1262 daAuts
     D:6: 1182 daAuts
     D:1: 1020 daAuts
     D:5: 711 daAuts
     D:3: 680 daAuts
     D:2: 586 daAuts
 Ossuary: 495 daAuts
   Sewer: 239 daAuts
  Temple: 193 daAuts
     D:8: 132 daAuts
     D:9: 25 daAuts
